 Dungeon Crawl Stone Soup version 0.31-a0-232-gb1c03b2570 (webtiles) character file.

Game seed: 6867200469263960684

123 qw the Shooter (level 5, -1/30 HPs)
             Began as a Gargoyle Hexslinger on July 7, 2023.
             Killed from afar by Sigmund (5 damage)
             ... with a magic dart
             ... on level 2 of the Dungeon.
             The game lasted 00:00:44 (1605 turns).

qw the Shooter (Gargoyle Hexslinger)                Turns: 1605, Time: 00:00:44

Health: -1/30      AC:  9    Str: 12    XL:     5   Next: 7%
Magic:  6/6        EV: 15    Int: 13    God:
Gold:   120        SH:  0    Dex: 14    Spells: 5/6 levels left

rFire   . . .        Y - +1 sling
rCold   . . .        (no shield)
rNeg    + . .        f - +0 ring mail
rPois   inf          (no helmet)
rElec   +            (no cloak)
rCorr   .            (no gloves)
SInv    .            (no boots)
Will    .....        (no amulet)
Stlth   +            i - +5 ring of evasion
HPRegen 0.25/turn    (no ring)
MPRegen 0.10/turn

%: no passive effects
@: no status effects
A: sickness immunity, AC +4, negative energy resistance 1, electricity
resistance, torment resistance 1, petrification resistance
a: no special abilities


You were on level 2 of the Dungeon.
You visited 1 branch of the dungeon, and saw 2 of its levels.

You collected 120 gold pieces.


Innate Abilities, Weirdness & Mutations

You are immune to sickness and miasma.
Your stone body is resilient. (AC +4)
You are immune to poison.
You resist negative energy. (rN+)
You are resistant to electric shocks. (rElec)
You are resistant to unholy torment.
You are immune to petrification.


   Skills:
 - Level 2.0 Fighting
 + Level 4.6 Ranged Weapons
 - Level 1.0 Armour
 - Level 1.5 Dodging
 - Level 1.0 Spellcasting
 - Level 2.6 Hexes


You had 5 spell levels left.
You knew the following spells:

 Your Spells              Type           Power      Damage    Failure   Level
a - Slow                  Hex            28%        N/A       22%         1

Your spell library contained the following spells:

 Spells                   Type           Power      Damage    Failure   Level
 Inner Flame              Hex/Fire       4%         N/A       73%         3
 Portal Projectile        Hex/Tloc       8%         N/A       73%         3
 Cause Fear               Hex            3%         N/A       91%         4

Inventory:

Hand Weapons
 Y - a +1 sling (weapon)
Armour
 b - a +0 cloak
 f - a +0 ring mail (worn)
Jewellery
 i - a +5 ring of evasion (left hand)
Scrolls
 c - a scroll of immolation {unknown}
 d - a scroll of teleportation {unknown}
 h - a scroll of identify
Potions
 a - a potion of resistance {unknown}
 e - a potion of enlightenment {unknown}

Dungeon Overview and Level Annotations

Branches:
Dungeon (2/15)

Altars:

Annotations:
D:2 Sigmund


Message History

You shoot a sling bullet. The sling bullet hits Sigmund.
Sigmund is heavily wounded.
Sigmund points at you and mumbles some strange words.
The magic dart hits you! Sigmund misses you.
You shoot a sling bullet.
The sling bullet hits Sigmund but does no damage.
Sigmund is heavily wounded.
Sigmund completely misses you.
You shoot a sling bullet. The sling bullet barely misses Sigmund.
You shoot a sling bullet.
The sling bullet closely misses Sigmund.
Sigmund gestures at you while chanting.
You are confused.
Sigmund barely misses you.
Sigmund gestures wildly while chanting.
Sigmund flickers and vanishes!
Deactivating autopickup; reactivate with Ctrl-A.
You shoot a sling bullet. Something closely misses you.
You shoot a sling bullet. Something hits you.
You shoot a sling bullet.
You hear some strange, mumbled words.
A puff of flame appears from out of thin air!
The puff of flame hits you.
You shoot a sling bullet.
You feel less confused. Something hits you.
You shoot a sling bullet. Something hits you but does no damage.
You shoot a sling bullet. Something hits you but does no damage.
You shoot a sling bullet. You shoot a sling bullet. Something hits you.
You shoot a sling bullet.
You hear some strange, mumbled words.
A magic dart appears from out of thin air!
The magic dart hits you.
You die...

.## #.# ##.##....##.#
## #.# ##...#..<....#
#.# ####.#.#.#...#..#
#.# #...............#
#.# #.##.#.#.##..#.##
##### #.
##...####.#.# ....#
.#####>####.## #.#.#
###.# .........?..#
#.#.# .......@.####
#.#.# #### ######{#.#
#...# ...#
#.#.########.###
...### #..........#.#
......
##########..........#
...###
.......).########.#.#
...# ########.# #.#.#
..## ##.## #.#.# ...#
######...### #.#.#


There were no monsters in sight!

Vanquished Creatures
  Terence (D:2)
  Natasha (twice) (D:1)
  A worm (D:2)
  7 endoplasms (D:1)
  2 giant cockroaches
  7 goblins
  6 hobgoblins
  4 kobolds
  4 ball pythons (D:1)
  5 bats
  3 rats
42 creatures vanquished.

Notes
Turn   | Place    | Note
-------+----------+-------------------------------------------
     0 | D:1      | qw the Gargoyle Hexslinger began the quest for the Orb.
     0 | D:1      | Reached XP level 1. HP: 12/12 MP: 2/2
     0 | D:1      | 0 ||| qw: Version: 0.3-a-46-gb1f654a
     0 | D:1      | 0 ||| qw: Game counter: 2208
     0 | D:1      | 0 ||| qw: Melee chars always use a shield: true
     0 | D:1      | 0 ||| qw: God list: Okawaru
     0 | D:1      | 0 ||| qw: Allow faded altars: false
     0 | D:1      | 0 ||| qw: Do Orc after clearing Dungeon:15 true
     0 | D:1      | 0 ||| qw: Do second Lair branch before Depths: true
     0 | D:1      | 0 ||| qw: Lair rune preference: random
     0 | D:1      | 0 ||| qw: Goals: Normal
     0 | D:1      | 0 ||| PLANNING D:1-11
   118 | D:1      | Reached XP level 2. HP: 16/16 MP: 3/3
   137 | D:1      | Reached skill level 3 in Ranged Weapons
   362 | D:1      | Reached XP level 3. HP: 21/21 MP: 4/4
   789 | D:1      | 789 ||| UPGRADING to +0 ring mail.
   799 | D:1      | 799 ||| DROPPING +0 robe.
   800 | D:1      | 800 ||| UPGRADING to +5 ring of evasion.
   801 | D:1      | 801 ||| READING 2 scrolls labelled QIJ DUXKUNKIYM.
   802 | D:1      | 802 ||| READING scroll labelled QOPNEH TOLLIC.
   803 | D:1      | 803 ||| READING scroll labelled JIORUMADUYM.
   904 | D:1      | 904 ||| READING 3 scrolls labelled QEXKES SEDIZ.
   905 | D:1      | 905 ||| READING 2 scrolls of identify.
   905 | D:1      | 905 ||| IDENTIFYING green potion
   906 | D:1      | 906 ||| DROPPING scroll of fear.
   907 | D:1      | 907 ||| DROPPING scroll of poison.
   908 | D:1      | 908 ||| DROPPING potion of invisibility.
   938 | D:2      | Noticed Natasha
   942 | D:2      | 942 ||| STAIRDANCE
   945 | D:1      | Killed Natasha
   946 | D:1      | Reached XP level 4. HP: 25/26 MP: 5/5
   951 | D:1      | Noticed Natasha
   963 | D:1      | Killed Natasha
   964 | D:1      | Reached skill level 4 in Ranged Weapons
  1089 | D:2      | Found a faded altar of an unknown god.
  1336 | D:2      | Reached skill level 1 in Armour
  1396 | D:2      | Noticed Terence
  1407 | D:2      | Killed Terence
  1408 | D:2      | Reached XP level 5. HP: 27/30 MP: 6/6
  1572 | D:2      | Noticed Sigmund
  1604 | D:2      | HP: 3/30 [something (6)]
  1605 | D:2      | Killed from afar by Sigmund

Levels and vault maps discovered:
D:1:      lightli_arrival_statuegarden, layout_basic, minmay_heptomino_w4
D:2:      layout_loops_ring, shapermc_ecumenical_altar_gd, uniq_natasha,
          uniq_sigmund, uniq_terence

Skill      XL: |  1  2  3  4 |
---------------+-------------+-----
Ranged Weapons | 3 4 |  4.6
Fighting       | 2 |  2.0
Armour         | 1 |  1.0
Dodging        | |  1.5
Spellcasting   | |  1.0
Hexes          | |  2.6

Action                     |  1- 3 |  4- 6 || total
---------------------------+-------+-------++-------
   Fire: Sling             |    86 |    89 ||   175
    Use: Scroll            |     5 |       ||     5
 Armour: Robe              |     9 |       ||     9
         Ring mail         |     2 |    11 ||    13
  Dodge: Dodged            |    35 |    46 ||    81

Table legend:
 A = Non-vault XP
 B = Vault XP
 C = Vault XP percentage of total XP
 D = Non-vault monster count
 E = Vault monster count
 F = Vault count percentage of total count
                 A         B        C        D         E       F
            +---------+---------+-------+---------+---------+-------
      Total |      99 |      77 |  43.8 |      35 |       7 |  16.7
            +---------+---------+-------+---------+---------+-------
        D:1 |      77 |      41 |  34.7 |      25 |       6 |  19.4
        D:2 |      22 |      36 |  62.1 |      10 |       1 |   9.1
            +---------+---------+-------+---------+---------+-------
